 Dungeon Crawl Stone Soup version 0.29.1-15-g9cfb28693d (webtiles) character file.

Game seed: 10664065812631788178

91 LLlMATKO the Trooper (level 4, -1/41 HPs)
             Began as a Minotaur Berserker on Apr 29, 2023.
             Was a Follower of Trog.
             Succumbed to a scorpion's poison
             ... on level 2 of the Dungeon.
             The game lasted 00:02:34 (1391 turns).

LLlMATKO the Trooper (Minotaur Berserker)           Turns: 1391, Time: 00:02:35

Health: -1/41      AC:  9    Str: 21    XL:     4   Next: 33%
Magic:  3/3        EV:  8    Int:  4    God:    Trog [*.....]
Gold:   36         SH:  0    Dex: 12    Spells: 3/3 levels left

rFire   . . .      SeeInvis .   a - +0 hand axe
rCold   . . .      Faith    .   (no shield)
rNeg    . . .      Spirit   .   j - +0 chain mail
rPois   .          Reflect  .   (helmet restricted)
rElec   .          Harm     .   (no cloak)
rCorr   +          Rampage  .   (no gloves)
Will    .....                   (no boots)
Stlth   ..........              (no amulet)
HPRegen 0.13/turn               b - ring of flight
MPRegen 0.08/turn               g - ring of resist corrosion

@: lethally poisoned (-1 -> -2), on berserk cooldown, flying, slowed, very slow
A: horns 2, retaliatory headbutt
a: Renounce Religion, Berserk


You were on level 2 of the Dungeon.
You worshipped Trog.
Trog was aware of your devotion.
You visited 1 branch of the dungeon, and saw 2 of its levels.

You collected 36 gold pieces.

Inventory:

Hand Weapons
 a - a +0 hand axe (weapon)
Missiles
 f - 5 boomerangs (quivered)
Armour
 j - a +0 chain mail (worn)
Jewellery
 b - a ring of flight (left hand)
 g - a ring of resist corrosion (right hand)
Scrolls
 c - 2 scrolls of vulnerability {unknown}
 e - a scroll of enchant weapon {unknown}
 h - a scroll of amnesia {unknown}
 i - a scroll of magic mapping {unknown}
 k - a scroll of noise {unknown}


   Skills:
 + Level 4.4 Fighting
 + Level 4.4 Axes
 + Level 3.4 Armour
 + Level 3.1 Dodging


You had 3 spell levels left.
You didn't know any spells.
Your spell library was empty.

Dungeon Overview and Level Annotations

Branches:
Dungeon (2/15)

Altars:


Innate Abilities, Weirdness & Mutations

You have a pair of horns on your head.
You reflexively headbutt those who attack you in melee.


Message History

You feel sick.
The scorpion stings you but does no damage.
You hit the scorpion.
The scorpion is almost dead.
You feel sick. The scorpion stings you.
You are lethally poisoned!
The scorpion poisons you!
You fail to use your ability.
You feel very sick. The scorpion barely misses you. The scorpion stings you.
You hit the scorpion.
You kill the scorpion!
Trog accepts your kill.
* * * LOW HITPOINT WARNING * * *
You feel very sick.
Your Dodging skill increases to level 3!
You have reached level 4!
You feel agile.
It was a potion of berserk rage.
A red film seems to cover your vision as you go berserk!
You feel yourself moving faster!
You feel mighty!
You feel sick.
You start resting.
You feel a strong urge to attack something.
* * * LOW HITPOINT WARNING * * *
You feel sick.
You start resting.
You feel sick.
You feel your anger nearly subside.
You feel sick.
You start resting.
You are no longer berserk.
You are exhausted.
You feel yourself slow down.
* * * LOW HITPOINT WARNING * * *
You feel sick.
There is a lethal amount of poison in your body!
* * * LOW HITPOINT WARNING * * *
You feel sick.
* * * LOW HITPOINT WARNING * * *
You feel sick.
You die...

.##...........................
.#######†.....########.......#
'#######....#.# #.......#
......##....#.# ####.......#
......##....#.# #...########
......#######.# #...# ......#
####+## #...# '######
.......###...# .#
.......@.....# .#
.......###...# .# .......
##+## .# ....... .# .......
.### ####### ...# ...# ...#


There were no monsters in sight!

Vanquished Creatures
  A scorpion (D:2)
  2 adders (D:2)
  2 endoplasms
  A giant cockroach (D:1)
  2 kobolds (D:1)
  A quokka (D:2)
  3 ball pythons
  3 bats
  A goblin (D:2)
  A rat (D:1)
17 creatures vanquished.

Notes
Turn   | Place    | Note
-------+----------+-------------------------------------------
     0 | D:1      | LLlMATKO the Minotaur Berserker began the quest for the
                  | Orb.
     0 | D:1      | Reached XP level 1. HP: 19/19 MP: 0/0
   476 | D:1      | HP: 1/20 [poisoned by a kobold]
   804 | D:1      | Reached XP level 2. HP: 24/27 MP: 1/1
  1085 | D:2      | Reached XP level 3. HP: 26/33 MP: 2/2
  1376 | D:2      | Noticed a scorpion
  1383 | D:2      | Killed a scorpion
  1384 | D:2      | Reached XP level 4. HP: 8/41 MP: 3/3
  1389 | D:2      | HP: 2/41 [poisoned by a scorpion]
  1391 | D:2      | Succumbed to a scorpion's poison

Illustrated notes

Levels and vault maps discovered:
D:1:      dpeg_arrival_snail, layout_basic, minmay_surrounded
D:2:      layout_basic

Skill      XL: |  1  2  3 |
---------------+----------+-----
Fighting       | 4 |  4.4
Axes           | 4 |  4.4
Armour         | 3 |  3.4
Dodging        | 3 |  3.1

Action                   |  1- 3 |  4- 6 || total
-------------------------+-------+-------++-------
Melee: Hand axe          |    40 |       ||    40
       Headbutt          |     4 |       ||     4
Invok: Berserk           |     1 |       ||     1
  Use: Potion            |       |     1 ||     1
Armor: Animal skin       |    10 |       ||    10
       Chain mail        |     4 |       ||     4
Dodge: Dodged            |    27 |       ||    27
